 Dungeon Crawl Stone Soup version 0.30.0-13-g156ef70053 (webtiles) character file.

Game seed: 166333372798581335

165532 SnakkuSnakku7 the Spry (level 17, -4/113 HPs)
             Began as a Tengu Hexslinger on May 17, 2023.
             Was the Champion of Zin.
             Killed by divine providence
             ... invoked by a meliai
              (12 damage)
             ... on level 4 of the Spider Nest.
             The game lasted 00:49:52 (25829 turns).

SnakkuSnakku7 the Spry (Tengu Hexslinger)          Turns: 25829, Time: 00:49:53

Health: -4/113     AC: 19    Str: 14    XL:     17   Next: 88%
Magic:  24/24      EV: 30    Int: 14    God:    Zin [******]
Gold:   2247       SH: 13    Dex: 19    Spells: 18/18 levels left

rFire   . . .        a - +6 double sword (holy)
rCold   . . .        d - +0 kite shield
rNeg    . . .        f - +1 robe of Vines {NoPotionHeal Regen++++}
rPois   .            I - +2 hat {Will+}
rElec   .            t - +0 cloak
rCorr   .            P - +3 pair of gauntlets of War {Slay+5}
SInv    .            (boots unavailable)
Will    ++...        g - amulet of faith
Stlth   +++++        o - +5 ring of evasion
HPRegen 3.58/turn    c - ring of the Tortoise {AC+8}
MPRegen 0.19/turn

%: faith
@: lethally poisoned (-4 -> -5), flying quickly and evasively, slowed, studying
Stealth, very slow
A: beak, talons 3, nimble flight
a: Renounce Religion, Recite, Vitalisation, Imprison, Sanctuary, Donate Gold


You were on level 4 of the Spider Nest.
You worshipped Zin.
Zin was exalted by your worship.
You visited 5 branches of the dungeon, and saw 27 of its levels.

You collected 2698 gold pieces.
You spent 296 gold pieces at shops.
You donated 155 gold pieces to Zin.

Inventory:

Hand Weapons
 a - a +6 double sword of holy wrath (weapon)
 b - a +2 scimitar of flaming
Missiles
 l - 4 throwing nets
Armour
 d - a +0 kite shield (worn)
 f - the +1 robe of Vines (worn) {NoPotionHeal Regen++++}
   (You found it on level 1 of the Lair of Beasts)

   NoPotionHeal: Its wearer cannot be healed by potions.
   Regen:     It increases your rate of health regeneration.
 i - the +6 plate armour of Fewe {rC+}
   (You found it on level 1 of the Lair of Beasts)

   rC:        It protects you from cold.
 t - a +0 cloak (worn)
 I - a +2 hat of willpower (worn)
 P - the +3 pair of gauntlets of War (worn) {Slay+5}
   (You acquired it on level 3 of the Spider Nest)

   Slay:      It affects your accuracy & damage with ranged weapons and melee
   (+5).
Jewellery
 c - the ring of the Tortoise (right hand) {AC+8}
   (You found it on level 1 of the Lair of Beasts)

   [ring of protection]

   AC:        It affects your AC (+8).
 g - an amulet of faith (around neck)
 o - a +5 ring of evasion (left hand)
 M - a ring of poison resistance
Wands
 v - a wand of charming (9)
 D - a wand of flame (17)
 E - a wand of digging (3)
 H - a wand of iceblast (13)
Scrolls
 m - 7 scrolls of identify
 p - 7 scrolls of teleportation
 u - 2 scrolls of magic mapping
 y - 7 scrolls of immolation
 B - 4 scrolls of fog
 K - 3 scrolls of blinking
 O - a scroll of brand weapon
Potions
 j - 3 potions of magic
 k - 15 potions of curing
 n - 9 potions of attraction
 q - 6 potions of haste
 r - a potion of ambrosia
 s - 5 potions of heal wounds
 w - 6 potions of might
 z - 5 potions of mutation
 G - 3 potions of cancellation
 J - 3 potions of invisibility
 L - a potion of brilliance
 N - a potion of berserk rage
Miscellaneous
 x - a phantom mirror
 A - a phial of floods
 C - a condenser vane
 F - a lightning rod (4/4)


   Skills:
 - Level 15.0 Fighting
 + Level 14.5 Long Blades
 - Level 12.0 Maces & Flails
 - Level 2.1 Ranged Weapons
 - Level 8.0 Armour
 - Level 15.0 Dodging
 - Level 12.6 Stealth
 - Level 12.0 Shields
 - Level 1.0 Spellcasting
 - Level 2.1 Hexes
 - Level 9.0 Invocations


You had 18 spell levels left.
You didn't know any spells.
Your spell library contained the following spells:

 Spells                   Type           Power      Damage    Failure   Level
 Slow                     Hex            24%        N/A       22%         1
 Kiss of Death            Conj/Necr      0%         2d5       50%         1
 Sting                    Tmut/Pois      0%         1d3       50%         1
 Confusing Touch          Hex            6%         N/A       56%         3
 Blink                    Tloc           0%         N/A       63%         2
 Lesser Beckoning         Tloc           0%         N/A       63%         2
 Momentum Strike          Conj/Tloc      0%         3d8       63%         2
 Poisonous Vapours        Pois/Air       0%         N/A       63%         2
 Dazzling Flash           Conj/Hex       6%         N/A       71%         3
 Inner Flame              Hex/Fire       3%         N/A       71%         3
 Portal Projectile        Hex/Tloc       6%         N/A       71%         3
 Call Canine Familiar     Summ           0%         N/A       86%         3
 Ignite Poison            Fire/Tmut/Pois 0%         N/A       86%         3
 Mephitic Cloud           Conj/Pois/Air  0%         N/A       86%         3
 Ozocubu's Armour         Ice            0%         N/A       86%         3
 Stone Arrow              Conj/Erth      0%         3d7       86%         3
 Vampiric Draining        Necr           0%         2d6       86%         3
 Volatile Blastmotes      Fire/Tloc      0%         2d10      86%         3
 Cause Fear               Hex            3%         N/A       92%         4
 Leda's Liquefaction      Hex/Erth       1%         N/A       98%         4
 Animate Armour           Summ/Erth      0%         N/A       99%         4
 Dispel Undead            Necr           0%         3d6       99%         4
 Iskenderun's Mystic Bla  Conj/Tloc      0%         2d3       99%         4
 Olgreb's Toxic Radiance  Pois           0%         N/A       99%         4
 Sticky Flame             Conj/Fire      0%         2d3       99%         4
 Summon Ice Beast         Ice/Summ       0%         N/A       99%         4
 Freezing Cloud           Conj/Ice/Air   0%         6-21      100%        5
 Summon Mana Viper        Hex/Summ       3%         N/A       100%        5
 Starburst                Conj/Fire      0%         6d3       100%        6
 Monstrous Menagerie      Summ           0%         N/A       100%        7
 Ozocubu's Refrigeration  Ice            0%         4d7       100%        7
 Ignition                 Fire           0%         3d3       100%        8
 Lehudib's Crystal Spear  Conj/Erth      0%         10d2      100%        8


Dungeon Overview and Level Annotations

Branches:
Dungeon (15/15)            Temple (1/1) D:7            Lair (5/5) D:9
 Shoals (0/4) Lair:3       Spider (4/4) Lair:3        Slime (0/5) Lair:5
    Orc (2/2) D:11            Elf (0/3) Orc:2        Vaults (0/5) D:14
 Depths (0/4) D:15

Altars:
Ashenzari
Cheibriados
Elyvilon
Gozag
Hepliaklqana
Kikubaaqudgha
Makhleb
Nemelex Xobeh
Okawaru
Qazlal
Ru
Sif Muna
Trog
Uskayaw
Wu Jian
Xom
Yredelemnul
Zin

Shops:
D:7 *   D:13 (   D:14 !   Orc:2 ([*

Annotations:
Lair:1 exclusion: oklob plant


Innate Abilities, Weirdness & Mutations

You have a beak for a mouth.
You have claws for feet.
Your magical nature lets you fly swiftly and evasively.


Message History

You kill the meliai!
You hear an angry buzzing noise.
The tarantella is healed somewhat.
You block the redback's attack. You block the tarantella's attack.
The culicivora completely misses you. The redback bites you!
You are poisoned.
The redback poisons you! The meliai closely misses you.
The meliai completely misses you.
Unknown command.
You miss the meliai. Your kick misses the meliai. You peck the meliai.
The meliai is lightly wounded.
You feel extremely sick. The tarantella completely misses you.
The meliai calls down the wrath of its god upon you.
Something smites you!
* * * LOW HITPOINT WARNING * * *
You block the culicivora's attack. The redback barely misses you.
The tarantella touches you but does no damage.
The meliai hits you with a +0 hand axe.
* * * LOW HITPOINT WARNING * * *
You block the meliai's attack.
The meliai calls down the wrath of its god upon you.
Something smites you!
* * * LOW HITPOINT WARNING * * *
You block the culicivora's attack. You block the redback's attack.
Okay, then.
Activating: Sanctuary (22% risk of failure)
Press: ? - help, Dir - look around, f - activate You fail to use your ability.
You feel extremely sick.
The tarantella touches you but does no damage.
You block the culicivora's attack. The meliai barely misses you.
The meliai misses you. The meliai completely misses you.
You block the meliai's attack. The redback misses you.
The tarantella closely misses you.
The tarantella's wounds heal themselves!
The meliai completely misses you. The meliai closely misses you.
The meliai mumbles some strange prayers to its god against you.
Something smites you!
You die...

.^^ #..# ....# .....##
/......#################
...........^.^.^.^.^^..^
...^.wss................
.....ss@..............^.
.^....yy................
.<.............^........
..............#.........
..................^.....
..........^.............
............^...........
....$..^................
................^[.


You could see a torpor snail, a demonic crawler, a culicivora, a tarantella, a
redback and 2 meliai.

Vanquished Creatures
  Mlioglotl (Spider:2)
  Gastronok (Orc:1)
  Donald (Spider:3)
  A storm dragon (D:12)
  4 emperor scorpions
  2 ghost moths (Spider:3)
  3 orc warlords
  2 broodmothers
  Azrael (Spider:1)
  Nessos (D:13)
  A spark wasp (Spider:3)
  An ettin (D:12)
  3 entropy weavers
  Fannar (D:10)
  7 centaur warriors
  7 hydras
  Harold (Lair:2)
  A catoblepas (Lair:4)
  2 jorogumos
  An ogre mage (D:12)
  The ghost of browni3141 the Arsonist, a journeyman DsFE of Gozag (Lair:1)
  A merfolk avatar (Lair:5)
  5 two-headed ogres
  6 boulder beetles
  2 dancing weapons (D:14)
  10 death yaks
  An anaconda (shapeshifter) (D:12)
  3 radroaches
  A deep troll earth mage (D:12)
  2 tengu warriors (D:14)
  A vampire mage (D:15)
  2 orc high priests
  3 skysharks
  Sonja (Orc:1)
  5 pharaoh ants
  2 golden dragon zombies (D:15)
  2 skeletal warriors (D:15)
  A sun moth (Spider:4)
  6 orb spiders
  2 lindwurms (Lair:3)
  6 steelbarb worms
  3 harpies (Lair:5)
  A necromancer (D:15)
  4 orc knights
  4 oklob plants
  7 cyclopes
  3 orc sorcerers
  17 ugly things
  A deep elf pyromancer (D:12)
  2 manticores (D:13)
  A shining eye (shapeshifter) (D:12)
  16 wolf spiders
  An iron dragon skeleton (D:15)
  13 elephants
  2 water nymphs (Lair:3)
  4 black mambas
  18 cane toads
  12 demonic crawlers
  5 torpor snails
  2 gargoyles
  3 rime drakes
  3 freezing wraiths
  A kobold demonologist (D:11)
  2 unseen horrors
  7 komodo dragons
  2 efreet (D:13)
  3 tengu conjurers
  4 yaktaurs (D:15)
  11 meliai
  A meliai (shapeshifter) (D:14)
  10 trolls
  18 tarantellas
  2 polar bears (Lair:5)
  2 wind drakes (Lair:5)
  Grinder (D:3)
  6 dream sheep (Lair:5)
  2 snapping turtles (Lair:5)
  An ettin zombie (D:15)
  24 blink frogs
  24 jumping spiders
  17 culicivoras
  2 shadows
  4 slime creatures (D:12)
  A vampire (D:10)
  Sigmund (D:3)
  A wraith (D:12)
  3 wyverns
  6 fire elementals
  A basilisk (shapeshifter) (D:15)
  53 yaks
  7 basilisks
  4 steam dragons
  42 redbacks
  11 vampire mosquitoes
  Menkaure (D:6)
  5 wargs
  An acid dragon (D:14)
  A hell hound (Spider:1)
  A floating eye (Lair:4)
  7 water moccasins
  43 orc warriors
  A meliai simulacrum (D:15)
  16 centaurs
  A black bear (D:5)
  6 ogres
  6 wolves (Lair:4)
  2 phantoms (D:6)
  13 bullfrogs
  5 kobold brigands
  7 scorpions
  9 wights
  11 killer bees
  A troll skeleton (D:13)
  A vampire bat (Lair:3)
  5 electric eels
  5 spriggan skeletons (D:13)
  19 orc priests
  2 gnoll boudas
  A jelly (D:4)
  2 hounds
  A sleepcap (D:4)
  36 orc wizards
  7 iguanas
  9 hell rats (Lair:5)
  12 gnolls
  13 adders
  A white imp (D:7)
  2 ufetubi
  A worm (D:4)
  2 dart slugs
  128 orcs
  7 endoplasms
  4 giant cockroaches
  10 hobgoblins
  3 jackals (D:3)
  33 kobolds
  2 quokkas
  4 ball pythons
  13 bats
  5 frilled lizards
  11 goblins
  3 rats
980 creatures vanquished.

Vanquished Creatures (others)
  A yaktaur (D:15)
  2 vampire mosquitoes (D:13)
  An orc priest (D:9)
  5 orcs
  A kobold (D:8)
  A bat (Lair:4)
11 creatures vanquished.

Grand Total: 991 creatures vanquished

Notes
Turn   | Place    | Note
-------+----------+-------------------------------------------
     0 | D:1      | SnakkuSnakku7 the Tengu Hexslinger began the quest for the
                  | Orb.
     0 | D:1      | Reached XP level 1. HP: 12/12 MP: 3/3
   205 | D:1      | Reached XP level 2. HP: 17/17 MP: 4/4
   453 | D:1      | Reached skill level 1 in Shields
   836 | D:1      | Reached XP level 3. HP: 21/22 MP: 5/5
  1254 | D:2      | Reached XP level 4. HP: 22/27 MP: 6/6
  1462 | D:2      | Reached skill level 1 in Maces & Flails
  1823 | D:3      | Found an ancient bone altar of Kikubaaqudgha.
  1826 | D:3      | Noticed Grinder
  1860 | D:4      | Noticed a scorpion
  1894 | D:3      | Killed Grinder
  1895 | D:3      | Gained mutation: Your magical nature lets you fly swiftly
                  | and evasively. [Tengu growth]
  1895 | D:3      | Reached XP level 5. HP: 27/32 MP: 7/7
  1895 | D:3      | Reached XP level 6. HP: 30/36 MP: 8/8
  2187 | D:3      | Found a broken altar of Ashenzari.
  2333 | D:3      | Noticed Sigmund
  2342 | D:3      | Killed Sigmund
  2343 | D:3      | Reached skill level 5 in Maces & Flails
  2343 | D:3      | Reached XP level 7. HP: 38/40 MP: 9/9
  2946 | D:4      | Found a bloodstained altar of Trog.
  3140 | D:5      | Entered Level 5 of the Dungeon
  3147 | D:5      | Reached XP level 8. HP: 38/45 MP: 10/10
  3574 | D:5      | Found a shimmering blue altar of Sif Muna.
  3835 | D:6      | Noticed Menkaure
  3851 | D:6      | Killed Menkaure
  3852 | D:6      | Reached skill level 10 in Maces & Flails
  4038 | D:6      | Reached XP level 9. HP: 23/49 MP: 11/11
  4791 | D:7      | Found Tiniu's General Store.
  4867 | D:7      | Found a staircase to the Ecumenical Temple.
  4876 | Temple   | Entered the Ecumenical Temple
  4882 | Temple   | Became a worshipper of Zin the Law-Giver
  4882 | Temple   | Reached * piety under Zin
  5001 | D:7      | Found a snail-covered altar of Cheibriados.
  5048 | D:7      | Reached ** piety under Zin
  5115 | D:7      | Reached skill level 5 in Fighting
  5781 | D:8      | Reached XP level 10. HP: 43/64 MP: 12/12
  5829 | D:8      | Reached *** piety under Zin
  6547 | D:9      | Reached **** piety under Zin
  6731 | D:9      | Found a staircase to the Lair.
  6755 | D:9      | Reached skill level 10 in Fighting
  7182 | D:9      | Found a stormy altar of Qazlal.
  7288 | D:10     | Entered Level 10 of the Dungeon
  7354 | D:10     | Reached skill level 5 in Dodging
  7487 | D:10     | Noticed a boulder beetle
  7487 | D:10     | Noticed a two-headed ogre
  7530 | D:10     | Killed a boulder beetle
  7531 | D:10     | Reached XP level 11. HP: 31/72 MP: 13/13
  7532 | D:10     | Killed a two-headed ogre
  7912 | D:10     | Noticed a cyclops
  8298 | D:10     | Killed a cyclops
  8300 | D:10     | Noticed Fannar
  8323 | D:10     | Killed Fannar
  8324 | D:10     | Reached skill level 10 in Dodging
  8324 | D:10     | Reached skill level 1 in Armour
  8546 | D:9      | Found a burning altar of Makhleb.
  8639 | Lair:1   | Entered Level 1 of the Lair of Beasts
  8870 | Lair:1   | Reached skill level 5 in Armour
  8938 | Lair:1   | Reached ***** piety under Zin
  8984 | Lair:1   | Noticed a four-headed hydra
  9010 | Lair:1   | Killed a four-headed hydra
  9198 | Lair:1   | Noticed a four-headed hydra
  9229 | Lair:1   | Killed a four-headed hydra
  9230 | Lair:1   | Reached XP level 12. HP: 77/77 MP: 14/14
  9231 | Lair:1   | Reached skill level 1 in Invocations
  9600 | Lair:1   | Found the +1 robe of Vines {NoPotionHeal Regen++++}
  9785 | Lair:1   | Found a runed translucent door.
  9786 | Lair:1   | Noticed browni3141's ghost (journeyman DsFE)
  9786 | Lair:1   | Found the ring of the Tortoise {AC+8}
 10060 | Lair:1   | Killed browni3141's ghost
 10061 | Lair:1   | Reached skill level 5 in Invocations
 10072 | Lair:1   | Identified the +6 plate armour of Fewe {rC+}
 10183 | Lair:2   | Noticed Harold
 10212 | Lair:2   | Killed Harold
 10294 | Lair:2   | Reached skill level 1 in Long Blades
 10639 | Lair:2   | HP: 2/77 [oklob plant/splash of acid (15)]
 10720 | Lair:2   | Reached skill level 5 in Long Blades
 10753 | Lair:2   | Identified the +8 long sword of the Present {vamp, rN+
                  | Str-5 Dex+2 SInv}
 10779 | Lair:2   | You are sucked into a shaft and drop 2 floors!
 10779 | Lair:4   | Noticed a four-headed hydra
 10779 | Lair:4   | Noticed a catoblepas
 11294 | Lair:3   | Reached XP level 13. HP: 82/82 MP: 19/19
 11786 | Lair:3   | Reached skill level 10 in Long Blades
 11837 | Lair:3   | Found a hole to the Spider Nest.
 12314 | Lair:4   | Identified the +1 robe "Ynnugo" {Dex+3}
 12389 | Lair:4   | Reached ****** piety under Zin
 13183 | Lair:5   | Entered Level 5 of the Lair of Beasts
 13214 | Lair:4   | HP: 2/82 [cane toad (17)]
 13251 | Lair:4   | Reached XP level 14. HP: 88/88 MP: 20/20
 13643 | Lair:5   | Found a staircase to the Slime Pits.
 14267 | Lair:5   | Found the +8 trident of the Octopus King {venom, rElec
                  | rPois}
 15124 | D:11     | Found a staircase to the Orcish Mines.
 15735 | D:12     | Reached XP level 15. HP: 92/92 MP: 22/22
 15827 | D:12     | Noticed a storm dragon
 15896 | D:12     | Killed a storm dragon
 15956 | D:12     | Identified the +8 long sword "Lomuovy" {distort, +Blink
                  | rPois rCorr Str+6}
 15958 | D:12     | Identified the staff of air "Xorphoo" {rElec rPois rF-
                  | Dex+4}
 16074 | D:12     | Reached skill level 15 in Dodging
 16074 | D:12     | Reached skill level 1 in Stealth
 16087 | D:12     | Identified the +7 broad axe of the Twenty Planets {distort,
                  | rPois rC- Will++ MP+9}
 16546 | Orc:1    | Entered Level 1 of the Orcish Mines
 16763 | Orc:1    | Noticed Sonja
 16765 | Orc:1    | Noticed Gastronok
 16815 | Orc:1    | Reached skill level 5 in Stealth
 16841 | Orc:1    | Killed Gastronok
 16848 | Orc:1    | Killed Sonja
 17023 | Orc:1    | Noticed an orc warlord
 17059 | Orc:1    | Killed an orc warlord
 17099 | Orc:2    | Entered Level 2 of the Orcish Mines
 17781 | Orc:2    | Found a staircase to the Elven Halls.
 17905 | Orc:2    | Found Fefrijast's General Store.
 18045 | Orc:2    | Found Vyanoal's General Store.
 18078 | Orc:2    | Bought 3 scrolls of teleportation for 126 gold pieces
 18241 | Orc:2    | Reached skill level 10 in Stealth
 18267 | Orc:2    | Noticed an orc warlord
 18294 | Orc:2    | Killed an orc warlord
 18310 | Orc:2    | Noticed an orc warlord
 18599 | Orc:2    | Killed an orc warlord
 18687 | Orc:2    | Found Emaur's Antique Weapon Shoppe.
 18712 | Orc:2    | Reached skill level 5 in Shields
 18713 | Orc:2    | Found Din Jam's Antique Armour Emporium.
 18897 | D:13     | Noticed Nessos
 18911 | D:13     | Killed Nessos
 19162 | D:13     | Identified the +5 mace "Akkezonk" {vamp, Fly rN+ Str-3}
 19259 | D:13     | Found Ohuegi's Antique Weapon Shoppe.
 19262 | D:13     | Identified the +9 long sword of Zukevi {heavy, rN++ Will+++
                  | MP-9}
 19724 | D:14     | Found Kankafin's Distillery.
 19849 | D:14     | Reached XP level 16. HP: 97/97 MP: 14/23
 19940 | D:14     | Bought a potion of haste for 170 gold pieces
 20086 | D:14     | Found a gate to the Vaults.
 20540 | D:14     | Reached skill level 10 in Shields
 20921 | D:15     | Entered Level 15 of the Dungeon
 21023 | D:15     | Identified the +5 glaive "Viushakha" {flame, rPois}
 21287 | D:15     | Found a staircase to the Depths.
 22164 | Spider:1 | Entered Level 1 of the Spider Nest
 22773 | Spider:1 | Noticed Azrael
 23023 | Spider:2 | Noticed Mlioglotl
 23039 | Spider:2 | Killed Mlioglotl
 23214 | Spider:1 | Killed Azrael
 23215 | Spider:1 | Reached XP level 17. HP: 83/107 MP: 15/24
 24607 | Spider:3 | Reached skill level 15 in Fighting
 24994 | Spider:3 | Identified a scroll of acquirement
 25003 | Spider:3 | Acquired the +3 pair of gauntlets of War {Slay+5}
 25003 | Spider:3 | Found the +3 pair of gauntlets of War {Slay+5}
 25224 | Spider:3 | Noticed Donald
 25230 | Spider:3 | Killed Donald
 25763 | Spider:4 | Entered Level 4 of the Spider Nest
 25829 | Spider:4 | Killed from afar by a meliai

Illustrated notes

Levels and vault maps discovered:
D:1:      matt_arrival_spirals, layout_loops_corners
D:2:      layout_basic
D:3:      layout_loops_ring, nicolae_ashenzari_panopticon, lemuel_crystal_altar,
          uniq_grinder, uniq_sigmund
D:4:      layout_cave_pools, trog_three_pillars_becter, corexii_shack
D:5:      layout_loops_ring, nicolae_sif_muna_condensation
D:6:      layout_loops_ring, uniq_menkaure
D:7:      layout_loops_ring, lemuel_tele_altar, minmay_temple_entry_wispy,
          serial_shops, shop, nrook_uturn
D:8:      layout_rooms, nicolae_zen_rock_garden
D:9:      lemuel_ice_spiral_2, layout_stronghold,
          nicolae_overflow_hidden_temple, erik_lair_orcish_takeover
D:10:     layout_roguey, grunt_potential, uniq_fannar
D:11:     layout_loops_ring, david_orc_4
D:12:     minmay_tile_spiral, layout_loops_ring
D:13:     layout_loops_ring, serial_shops, shop, minivault_20,
          hangedman_tell_no_tales, uniq_nessos
D:14:     layout_small_grid, erik_vaults_1, serial_co_window_serial,
          co_window_paths_a, co_window_paths_a, co_window_paths_b,
          co_window_corner_a, co_window_corner_a, co_window_corner_a,
          co_window_broadway_b, co_window_2corner, co_window_paths_c,
          co_window_sun, co_window_4corner_b, glass_columns_b, glass_columns_c,
          serial_shops, nicolae_shop_advertising_works
          [nicolae_subvault_shop_adworks]
D:15:     gammafunk_depths_entry_grave, layout_stronghold
Temple:   hellmonk_temple_two_chambers
Lair:1:   layout_cave_pods, ebering_ghost_inner_flame, serial_bayou,
          serial_bayou_pond_e, serial_bayou_lake_a, serial_bayou_shore_a,
          serial_bayou_pond_a, serial_bayou_pond_d,
          hellmonk_guarded_unrand_vines
Lair:2:   layout_chaotic_city, uniq_harold
Lair:3:   layout_chaotic_city, nicolae_shoals_entry_flooding,
          spider_nest_entry_rubble, lemuel_fruit_tree
Lair:4:   layout_gridlike, roderic_batcave, disabler_island,
          infiniplex_staircase_pool, lemuel_fruit_fields
Lair:5:   gammafunk_lair_ancient_temple, layout_regular_city, slime_entry_1,
          st_stairs_10
Spider:1: layout_cave_pods, uniq_azrael
Spider:2: layout_spider_delve, uniq_mlioglotl
Spider:3: nicolae_spider_hilbert_zone_3 [nicolae_spider_hilbert_4_sides_2_open,
          nicolae_spider_hilbert_3_sides_1_open,
          nicolae_spider_hilbert_3_sides_1_open,
          nicolae_spider_hilbert_3_sides_1_open,
          nicolae_spider_hilbert_3_sides_1_open,
          nicolae_spider_hilbert_4_sides_1_open,
          nicolae_spider_hilbert_4_sides_1_open,
          nicolae_spider_hilbert_4_sides_1_open,
          nicolae_spider_hilbert_4_sides_1_open,
          nicolae_spider_hilbert_4_sides_1_open,
          nicolae_spider_hilbert_4_sides_1_open,
          nicolae_spider_hilbert_4_sides_1_open,
          nicolae_spider_hilbert_4_sides_1_open,
          nicolae_spider_hilbert_3_sides_1_open,
          nicolae_spider_hilbert_3_sides_1_open,
          nicolae_spider_hilbert_3_sides_1_open,
          nicolae_spider_hilbert_3_sides_1_open],
          nicolae_spider_twisty_arc_passages, uniq_donald
Spider:4: guppyfry_spider_rune
Orc:1:    layout_caves, nicolae_orc_bridge_out, uniq_gastronok, uniq_sonja
Orc:2:    grunt_orc_community_town_hall, layout_diamond_mine,
          grunt_orc_community_big_house_1, grunt_orc_community_big_house_1,
          grunt_orc_community_house_2, grunt_orc_community_house_1,
          grunt_orc_community_house_3, grunt_orc_community_house_2,
          nicolae_orc_lava_tube, nicolae_orc_rockfall, nicolae_orc_tapped_out

Skill      XL: |  1  2  3  4  5  6  7  8  9 10 11 12 13 14 15 16 17 |
---------------+----------------------------------------------------+-----
Fighting       | 2 7 10 12 15 | 15.0
Shields        | 1 2 3 8 12 | 12.0
Maces & Flails | 4 5 8 11 12 | 12.0
Dodging        | 7 10 13 15 | 15.0
Armour         | 7 8 |  8.0
Invocations    | 7 9 |  9.0
Long Blades    | 6 13 14 | 14.5
Stealth        | 10 12 | 12.6
Ranged Weapons | |  2.1
Spellcasting   | |  1.0
Hexes          | |  2.1

Action                     |  1- 3 |  4- 6 |  7- 9 | 10-12 | 13-15 | 16-18 || total
---------------------------+-------+-------+-------+-------+-------+-------++-------
  Melee: Mace              |    43 |       |       |       |       |       ||    43
         Kick              |     8 |    11 |   111 |   286 |   870 |   488 ||  1774
         Peck              |     5 |     9 |    57 |   199 |   537 |   325 ||  1132
         Whip              |     1 |    55 |   375 |   726 |    28 |       ||  1185
         Scimitar          |       |       |       |    71 |  1880 |     3 ||  1954
         Long sword        |       |       |       |       |    66 |  1054 ||  1120
         Double sword      |       |       |       |       |       |    51 ||    51
   Fire: Sling             |    34 |       |       |       |       |       ||    34
 Invoke: Sanctuary         |       |       |       |       |       |     1 ||     1
  Evoke: Wand              |       |       |    10 |    12 |    12 |     3 ||    37
         Condenser vane    |       |       |       |     1 |     2 |       ||     3
         Lightning rod     |       |       |       |       |     4 |       ||     4
    Use: Scroll            |       |     3 |     5 |    12 |     9 |    15 ||    44
         Potion            |       |     2 |     2 |     5 |     3 |       ||    12
   Stab: Sleeping          |     2 |       |       |     1 |     9 |    19 ||    31
         Invisible         |       |       |       |       |     7 |       ||     7
         Distracted        |       |       |       |       |     2 |       ||     2
 Armour: Robe              |    11 |       |       |    39 |   378 |   350 ||   778
         Ring mail         |     6 |       |       |       |       |       ||     6
         Scale mail        |       |    25 |    55 |       |       |       ||    80
         Leather armour    |       |       |    11 |    57 |       |       ||    68
         Troll leather arm |       |       |       |    24 |       |       ||    24
  Dodge: Dodged            |    52 |    12 |   146 |   370 |  1966 |  2477 ||  5023
  Block: Buckler           |    13 |     9 |    61 |   108 |   472 |   703 ||  1366
         Kite shield       |       |       |       |       |       |    37 ||    37
